 Dungeon Crawl Stone Soup version 0.26-a0-651-gb41185065b (webtiles) character file.

Game seed: 2969284318857736491

231 Irenicus the Digger (level 5, -2/42 HPs)
             Began as a Deep Dwarf Earth Elementalist on Sept 30, 2020.
             Was a Follower of Makhleb.
             Slain by Terence
             ... wielding a +0 flail
              (12 damage)
             ... on level 3 of the Dungeon.
             The game lasted 00:09:32 (1163 turns).

Irenicus the Digger (Deep Dwarf Earth Elementalist) Turns: 1163, Time: 00:09:33

Health: -2/42      AC:  5    Str: 11    XL:     5   Next: 72%
Magic:  2/8        EV: 12    Int: 17    God:    Makhleb [*.....]
Gold:   157        SH:  0    Dex: 13    Spells: 5/8 levels left

rFire    . . .     SeeInvis .   m - +1 falchion (vamp) {!w}
rCold    . . .     Faith    .   (no shield)
rNeg     . . .     Spirit   .   k - +0 leather armour
rPois    .         Reflect  .   f - +0 helmet
rElec    .         Harm     .   (no cloak)
rCorr    .         Rampage  .   (no gloves)
MR       .....                  c - +0 pair of boots
Stlth    ++........             (no amulet)
HPRegen  0.00/turn              (no ring)
MPRegen  0.11/turn              (no ring)

@: non-regenerating
A: damage resistance, heal wounds, sense surroundings 1, no regeneration
a: Heal Wounds, Renounce Religion


You were on level 3 of the Dungeon.
You worshipped Makhleb.
Makhleb was aware of your devotion.
You visited 1 branch of the dungeon, and saw 3 of its levels.

You collected 157 gold pieces.

Inventory:

Hand Weapons
 m - a +1 vampiric falchion (weapon) {!w}
   (You took it off an orc on level 3 of the Dungeon)
 p - a +2 dagger of venom
   (You took it off a kobold on level 2 of the Dungeon)
Missiles
 b - 94 stones (quivered)
Armour
 c - a +0 pair of boots (worn)
   (You found it on level 2 of the Dungeon)
 f - a +0 helmet (worn)
   (You found it on level 1 of the Dungeon)
 k - a +0 leather armour (worn)
   (You found it on level 2 of the Dungeon)
Magical Staves
 l - an uncursed staff of cold {rC+}
   (You found it on level 2 of the Dungeon)
Wands
 n - a wand of polymorph (7)
   (You took it off Ijyb on level 3 of the Dungeon)
Scrolls
 d - a scroll of random uselessness
 g - 3 scrolls of remove curse
 j - 3 scrolls of identify
Potions
 a - a potion of resistance {unknown}
 e - a potion of magic {unknown}
 h - a potion of mutation {unknown}
 i - a potion of flight {unknown}
 o - a potion of heal wounds
 q - a potion of curing {unknown}
 r - a potion of brilliance {unknown}


   Skills:
 + Level 2.2 Dodging
 - Level 4.3 Stealth
 - Level 2.2 Spellcasting
 - Level 0.8 Transmutations
 - Level 7.4 Earth Magic


You had 5 spell levels left.
You knew the following spells:

 Your Spells              Type           Power        Failure   Level
a - Sandblast             Erth           ####..       1%          1
w - Passwall              Tmut/Erth      ###.....     7%          2

Your spell library contained the following spells:

 Spells                   Type           Power        Failure   Level
 Stone Arrow              Conj/Erth      ##....       16%         3
 Lee's Rapid Deconstruct  Erth           ####......   32%         5
 Petrify                  Tmut/Erth      ###.....     41%         4


Dungeon Overview and Level Annotations

Branches:
Dungeon (3/15)

Altars:
Makhleb
Qazlal
Wu Jian
Zin

Annotations:
D:3 Terence


Innate Abilities, Weirdness & Mutations

You are resistant to damage.
You can heal yourself by infusing magical energy.
You passively map a small area around you.
You do not regenerate.


Message History

You barely miss the orc. The orc hits you with a +0 hand axe.
You barely miss the orc.
You release spores at the orc but do no damage.
You stop sporulating.
Your +2 dagger of venom unmelds from your body.
Your +0 helmet unmelds from your body.
Your +0 pair of boots unmelds from your body.
Your +0 leather armour unmelds from your body.
Your +2 dagger of venom begins to drip with poison!
The orc hits you with a +0 hand axe.
You hit the orc.
The orc is poisoned.
The orc is moderately wounded.
The orc barely misses you.
You barely miss the orc.
The orc is moderately wounded.
The orc hits you with a +0 hand axe.
You take 3 damage, and have 17/42 hp.
You see here a hobgoblin corpse.
You kill the orc!
Makhleb accepts your kill.
Items here: ) [ ††.
Okay, then.
e - a silvery potion
Items here: )))) / [[[ ††††.
m - a +1 vampiric falchion {!w};
n - a wand of polymorph (7)
You now have 157 gold pieces (gained 6).
Really wield
m - a +1 vampiric falchion {!w}?
Your +2 dagger of venom stops dripping with poison.
You feel a sense of dread.
m - a +1 vampiric falchion (weapon)
{!w}
Found a stone staircase leading down.
j - 3 scrolls of identify (gained 1)
A ball python comes into view.
You see here a lumpy green potion.
q - a lumpy green potion The ball python hisses angrily.
Terence the Incautious comes into view.
He is wielding a +0 flail.
MP restored: 8
Casting: Sandblast (safe; 1% risk of failure)
Confirm with . or Enter, or press ? or * to list all spells.
Aiming: Sandblast (safe; 1% risk of failure)
Press: ? - help, Shift-Dir - straight line, f - ball python
Aim: a ball python The blast of sand misses the ball python.
b - 99 stones You now have 7/8 mp.
You hit the ball python.
You feel better.
You kill the ball python!
Makhleb accepts your kill.
You can now gain health from killing.
You regained 2 hp, and now have 19/42 hp.
You see here a ball python corpse.
Casting: Sandblast (safe; 1% risk of failure)
Confirm with . or Enter, or press ? or * to list all spells.
Aiming: Sandblast (safe; 1% risk of failure)
Press: ? - help, Shift-Dir - straight line, f - Terence
Aim: Terence, wielding a +0 flail and wearing a +0 scale mail The blast of sand hits Terence.
Terence is moderately wounded.
b - 98 stones You now have 6/8 mp.
Casting: Sandblast (safe; 1% risk of failure)
Confirm with . or Enter, or press ? or * to list all spells.
Aiming: Sandblast (safe; 1% risk of failure)
Press: ? - help, Shift-Dir - straight line, f/p - Terence
Aim: Terence, wielding a +0 flail and wearing a +0 scale mail (moderately wounded)
The blast of sand misses Terence.
b - 97 stones Terence drinks a potion.
Terence goes berserk!
You now have 5/8 mp.
Casting: Sandblast (safe; 1% risk of failure)
Confirm with . or Enter, or press ? or * to list all spells.
Aiming: Sandblast (safe; 1% risk of failure)
Press: ? - help, Shift-Dir - straight line, f/p - Terence
Aim: Terence, wielding a +0 flail and wearing a +0 scale mail (moderately wounded, berserk)
The blast of sand hits Terence.
Terence is heavily wounded.
b - 96 stones Terence hits you with a +0 flail. x2
You take 2 damage, and have 17/42 hp.
You now have 4/8 mp.
Casting: Sandblast (safe; 1% risk of failure)
Confirm with . or Enter, or press ? or * to list all spells.
Aiming: Sandblast (safe; 1% risk of failure)
Press: ? - help, Shift-Dir - straight line, f/p - Terence
Aim: Terence, wielding a +0 flail and wearing a +0 scale mail (heavily wounded, berserk)
The blast of sand hits Terence!
Terence is severely wounded.
b - 95 stones Terence hits you with a +0 flail!
* * * LOW HITPOINT WARNING * * *
You take 7 damage, and have 10/42 hp.
You now have 3/8 mp.
Casting: Sandblast (safe; 1% risk of failure)
Confirm with . or Enter, or press ? or * to list all spells.
Aiming: Sandblast (safe; 1% risk of failure)
Press: ? - help, Shift-Dir - straight line, f/p - Terence
Aim: Terence, wielding a +0 flail and wearing a +0 scale mail (severely wounded, berserk)
The blast of sand hits Terence.
Terence is almost dead.
b - 94 stones Terence hits you with a +0 flail!
You die...

...
##.##### *
.. #....(.#
#.##......#
#..#......#
*#.#......#
#........#
* #*
##.......#
..##*
#...#####
..... ##@.#
,
......##@.#
..@......>#
.......####
*'#.....
*.#.###. .#
#. *
#####.#.#
#., *
#...<...#
## *


You could see Terence (berserk).

Vanquished Creatures
  An orc priest (D:3)
  3 orc wizards (D:3)
  Ijyb (D:3)
  2 adders
  A worm (D:3)
  A dart slug (D:2)
  A leopard gecko (D:1)
  10 orcs (D:3)
  3 ball pythons
  2 giant cockroaches (D:2)
  4 goblins
  7 hobgoblins
  7 bats
  4 frilled lizards (D:1)
  9 kobolds
  8 rats
64 creatures vanquished.

Vanquished Creatures (others)
  An orc wizard (D:3)
1 creature vanquished.

Grand Total: 65 creatures vanquished

Notes
Turn   | Place    | Note
-------+----------+-------------------------------------------
     0 | D:1      | Irenicus the Deep Dwarf Earth Elementalist began the quest
                  | for the Orb.
     0 | D:1      | Reached XP level 1. HP: 15/15 MP: 3/3
    44 | D:1      | Reached skill level 2 in Spellcasting
    98 | D:1      | Reached XP level 2. HP: 14/22 MP: 0/5
   190 | D:1      | Learned a level 2 spell: Passwall
   348 | D:1      | Reached skill level 5 in Earth Magic
   426 | D:1      | Reached XP level 3. HP: 12/28 MP: 1/6
   556 | D:2      | Found a burning altar of Makhleb.
   560 | D:2      | Became a worshipper of Makhleb the Destroyer
   585 | D:2      | Found a glowing silver altar of Zin.
   599 | D:2      | Found a stormy altar of Qazlal.
   660 | D:2      | Found a faded altar of an unknown god.
   780 | D:2      | Found an ornate altar of the Wu Jian Council.
  1000 | D:3      | Reached skill level 6 in Earth Magic
  1005 | D:3      | Reached XP level 4. HP: 36/36 MP: 2/7
  1031 | D:3      | Reached skill level 7 in Earth Magic
  1038 | D:3      | Reached XP level 5. HP: 26/42 MP: 3/8
  1102 | D:3      | Reached skill level 3 in Stealth
  1103 | D:3      | Noticed Ijyb
  1113 | D:3      | Killed Ijyb
  1113 | D:3      | Reached skill level 4 in Stealth
  1151 | D:3      | Noticed Terence
  1157 | D:3      | Reached * piety under Makhleb
  1162 | D:3      | HP: 10/42 [Terence/+0 flail (7)]
  1163 | D:3      | Slain by Terence

Illustrated notes

Levels and vault maps discovered:
D:1:      wander_arrival_peaceful_grave, layout_basic, minmay_box_of_dots
D:2:      layout_basic, bloody_makhleb, zin_statuary,
          nicolae_qazlal_general_emergency, lemuel_doored_altar,
          chequers_ecumenical_altar_twisty
D:3:      layout_basic, uniq_terence, uniq_ijyb

Skill      XL: |  1  2  3  4  5 |
---------------+----------------+-----
Spellcasting   | 2 |  2.2
Earth Magic    | 5 6 7 |  7.4
Stealth        | 4 |  4.3
Dodging        | |  2.2
Transmutations | |  0.8

Action                   |  1- 3 |  4- 6 || total
-------------------------+-------+-------++-------
Melee: Club              |    21 |       ||    21
       Dagger            |     5 |    31 ||    36
       Unarmed           |       |    14 ||    14
       Falchion          |       |     1 ||     1
 Cast: Sandblast         |    55 |    15 ||    70
       Passwall          |    11 |       ||    11
  Use: Scroll            |     5 |       ||     5
       Potion            |     1 |     1 ||     2
 Stab: Sleeping          |     3 |       ||     3
       Invisible         |       |     3 ||     3
Armor: Robe              |    13 |       ||    13
       Leather armour    |     1 |     9 ||    10
       Skin              |       |     4 ||     4
Dodge: Dodged            |    33 |    24 ||    57

Table legend: (Time is in decaauts)
 A = Elapsed time spent in this place.
 B = Non-inter-level travel time spent in this place.
 C = Inter-level travel time spent in this place.
 D = Time resting spent in this place.
 E = Time spent auto-exploring this place.
 F = Levels seen in this place.
 G = Mean time per level.
                   A        B        C        D        E       F      G
               +--------+--------+--------+--------+--------+-----+--------+
         Total |   1163 |   1163 |      0 |      0 |      0 |   3 |  387.7 |
       Dungeon |   1163 |   1163 |      0 |      0 |      0 |   3 |  387.7 |
               +--------+--------+--------+--------+--------+-----+--------+

Top non-repeatable levels by time:
     D:2: 518 daAuts
     D:1: 473 daAuts
     D:3: 171 daAuts

Table legend:
 A = Kills in this place as a percentage of kills in entire the game.
 B = Kills by you in this place as a percentage of kills by you in the entire game.
 C = Kills by friends in this place as a percentage of kills by friends in the entire game.
 D = Other kills in this place as a percentage of other kills in the entire game.
 E = Experience gained in this place as a percentage of experience gained in the entire game.
 F = Experience gained in this place divided by the number of levels of this place that you have seen.
                   A       B       C       D       E      F
               +-------+-------+-------+-------+-------+----------------------
         Total | 100.0 | 100.0 |   N/A | 100.0 | 100.0 | 110.0
       Dungeon | 100.0 | 100.0 |   N/A | 100.0 | 100.0 | 110.0
               +-------+-------+-------+-------+-------+----------------------
